 Dungeon Crawl Stone Soup version 0.20.0-8-g6b59dc7 (webtiles) character file.

35078 Chiseanne the Destroyer (level 13, -4/82 HPs)
             Began as a Demonspawn Wanderer on May 30, 2017.
             Was an Elder of Vehumet.
             Slain by Agnes
             ... wielding a +2 lajatang of electrocution
              (25 damage)
             ... on level 14 of the Dungeon on May 31, 2017.
             The game lasted 01:05:28 (20818 turns).

Chiseanne the Destroyer (Demonspawn Wanderer)      Turns: 20818, Time: 01:05:29

Health: -4/82      AC: 12    Str: 15    XL:     13   Next: 45%
Magic:  0/29       EV: 17    Int: 26    God:    Vehumet [****..]
Gold:   592        SH:  6    Dex: 21    Spells: 7/36 levels left

rFire    . . .     SeeInvis +   a - +2 spear of Untimely Demise {vamp, *Noise rElec Int+4}
rCold    + . .     Gourm    .   B - +0 buckler
rNeg     + . .     Faith    .   V - +0 acid dragon scales
rPois    .         Spirit   +   v - +1 hat {SInv}
rElec    +         Reflect  .   N - +0 cloak
rCorr    +         Harm     .   Y - +0 pair of gloves
MR       .....                  t - +0 pair of boots
Stlth    +++.......             H - amulet of regeneration
Regen    0.7/turn               R - ring of protection from cold
MPRegen  0.3/turn               T - ring "Egigoemp" {rN+ Dex+4 Slay+5}

@: mighty, agile
A: horns 2, repulsion field 1, powered by pain 3, magic shield
a: Renounce Religion


You were on level 14 of the Dungeon.
You worshipped Vehumet.
Vehumet was greatly pleased with you.
You were very hungry.

You visited 2 branches of the dungeon, and saw 16 of its levels.

You collected 722 gold pieces.
You spent 130 gold pieces at shops.

Inventory:

Hand Weapons
 a - the +2 spear of Untimely Demise (weapon) {vamp, *Noise rElec Int+4}
   (You took it off a gnoll on level 4 of the Dungeon)

   It inflicts no extra harm, but heals its wielder when it wounds a living foe.
   It affects your intelligence (+4).
   It insulates you from electricity.
   It may make noises in combat.
 s - the +9 flail of Inegh {crush, MR+ Dex+2}
   (You found it on level 8 of the Dungeon)

   It inflicts extra damage upon your enemies.
   It affects your dexterity (+2).
   It affects your resistance to hostile enchantments.
 W - a +0 blowgun
 Z - a +4 scimitar of flaming
Missiles
 b - 4 poisoned tomahawks (quivered)
 u - 7 curare-tipped needles
 w - 3 throwing nets
Armour
 k - a +1 troll leather armour {Snorg}
 t - a +0 pair of boots (worn)
 v - a +1 hat of see invisible (worn)
 B - a +0 buckler (worn)
 E - a +1 robe of positive energy
 L - a +0 shield
 N - a +0 cloak (worn)
 V - +0 acid dragon scales (worn)
 Y - a +0 pair of gloves (worn)
Jewellery
 F - an uncursed ring of poison resistance
 H - an amulet of regeneration (around neck)
 R - a ring of protection from cold (left hand)
 T - the ring "Egigoemp" (right hand) {rN+ Dex+4 Slay+5}
   (You found it on level 11 of the Dungeon)

   [ring of positive energy]

   It affects your dexterity (+4).
   It affects your accuracy and damage with ranged weapons and melee attacks
   (+5).
   It protects you from negative energy.
Wands
 x - a wand of confusion (29/48)
 y - a wand of acid (0/15)
 I - a wand of iceblast (2/15)
 U - a wand of paralysis (6/24)
 X - a wand of iceblast (5/15)
Scrolls
 d - 2 scrolls of remove curse
 i - 6 scrolls of teleportation
 l - 3 scrolls of fog
 A - 4 scrolls of enchant weapon
 K - 2 scrolls of recharging
 P - 2 scrolls of immolation
Potions
 c - 2 potions of flight
 e - a potion of lignification
 h - a potion of resistance {unknown}
 j - 2 potions of ambrosia {unknown}
 o - 5 potions of curing
 r - a potion of brilliance
 C - 2 potions of invisibility
 Q - a potion of cancellation {unknown}
Books
 D - a book of Enchantments

   Spells                             Type                      Level
   a - Cause Fear                     Hexes                        4
   b - Yara's Violent Unravelling     Hexes/Transmutation          5
   c - Silence                        Hexes/Air                    5
   d - Deflect Missiles               Charms/Air                   6
   e - Discord                        Hexes                        8
Comestibles
 f - 7 bread rations
 n - 9 meat rations
 J - 5 royal jellies


   Skills:
 - Level 1.4 Fighting
 - Level 6.0 Armour
 - Level 1.0 Stealth
 - Level 4.0 Shields
 * Level 12.4 Spellcasting
 * Level 13.3 Conjurations
 - Level 1.0 Translocations
 - Level 10.1 Fire Magic
   Level 1.0 Earth Magic
 - Level 1.0 Poison Magic
 - Level 1.0 Evocations


You had 7 spell levels left.
You knew the following spells:

 Your Spells              Type           Power        Failure   Level  Hunger
a - Flame Tongue          Conj/Fire      #####        1%          1    None
b - Throw Flame           Conj/Fire      ######       1%          2    None
c - Orb of Destruction    Conj           ######....   4%          7    ######.
d - Fireball              Conj/Fire      ######....   1%          5    ###....
e - Sticky Flame          Conj/Fire      ######..     1%          4    None
f - Force Lance           Conj/Tloc      ######..     1%          4    None
g - Conjure Flame         Conj/Fire      ######..     1%          3    None
h - Ignite Poison         Fire/Tmut/Pois #####...     1%          3    None


Dungeon Overview and Level Annotations

Branches:
Dungeon (15/15)            Temple (1/1) D:4            Lair (0/6) D:9
    Orc (0/2) D:12         Vaults (0/5) D:14
 Depths: D:15

Altars:
Ashenzari
Cheibriados
Elyvilon
Gozag
Hepliaklqana
Makhleb
Qazlal
Ru
Sif Muna
Trog
Vehumet
Xom
Yredelemnul
Zin
The Shining One

Shops:
D:7 *

Annotations:
D:7 1 runed door
D:14 Agnes
D:15 2 runed doors


Innate Abilities, Weirdness & Mutations

You have a pair of horns on your head.
You are surrounded by a mild repulsion field. (EV +2)
You are powered by pain.
When hurt, damage is shared between your health and your magic reserves.


Message History

Agnes hits you with a lajatang of electrocution!!
The centaur warrior shouts!
There is a stone staircase leading up, spattered with blood here.
Agnes closely misses you.
The centaur warrior wields a shortbow.
The centaur warrior shoots an arrow.
The arrow hits you!!
* * * LOW HITPOINT WARNING * * *
You focus on the pain.
You feel mightier all of a sudden.
Agnes hits you with a lajatang of electrocution.
* * * LOW HITPOINT WARNING * * *
You climb upwards.
There is a stone staircase leading down here.
Okay, then.
You feel much better. Agnes completely misses you.
Okay, then.
You feel more agile all of a sudden.
Agnes hits you with a lajatang of electrocution.
* * * LOW HITPOINT WARNING * * *
Agnes hits you with a lajatang of electrocution!!
You die...

.#...#.###'###.......#...#......#
.#...#.......#########...#......#
.#...#.##....##..........#......#
.'.∩.#.##....##..........#......#
.#...#.##....##..........#..###.#
.#...#.##....##.....######......#
.#...#.##############..[........#
.#####.#..............###..##...#
...#####.##.....@.....# #..##...#
(........##....i......# #..##...#
....###..##.....).....# #..##...#
....# #..##.....[...<.###..##...#
....###..##.....................#
................................#
#################################


You could see Agnes.

Vanquished Creatures
  Gastronok (D:10)
  Kirke (D:14)
  A stone giant (D:15)
  Snorg (D:14)
  Erolcha (D:11)
  Erica (D:11)
  6 two-headed ogres
  2 death yaks (D:9)
  Sonja (D:14)
  3 unseen horrors
  Pikel (D:9)
  A necromancer (D:14)
  3 ugly things
  A deep elf mage (D:14)
  An orc knight (D:13)
  3 cyclopes
  5 manticores
  3 gargoyles
  A freezing wraith (D:14)
  An efreet (D:14)
  5 trolls
  2 hornets
  3 hippogriffs
  A centaur simulacrum (D:14)
  2 wyverns
  6 yaks
  A wraith (D:10)
  2 shadows
  6 hogs
  A human (D:9)
  A basilisk (D:14)
  Menkaure (D:6)
  7 vampire mosquitoes
  A hungry ghost (D:13)
  Edmund (D:6)
  3 acid dragons
  2 porcupines (D:9)
  2 black bears (D:6)
  An eye of draining (D:13)
  3 sky beasts
  3 orc warriors
  2 necrophages
  3 phantoms
  15 ice beasts
  5 ogres
  6 centaurs
  A crocodile (D:11)
  3 big kobolds
  6 bullfrogs
  A gnoll sergeant (D:9)
  A water moccasin skeleton (D:4)
  2 scorpions
  7 killer bees
  11 wights
  4 howler monkeys (D:8)
  6 crimson imps
  A bullfrog zombie (D:6)
  6 jellies
  7 orc priests
  A gnoll shaman (D:4)
  2 bullfrog skeletons
  5 hounds
  2 centaur skeletons
  2 iguanas
  14 orc wizards
  5 worker ants
  A howler monkey zombie (D:11)
  2 worker ant zombies
  11 adders
  41 gnolls
  3 river rats (D:9)
  2 shadow imps (D:5)
  An ooze (D:1)
  5 worms
  A dart slug (D:2)
  6 leopard geckos
  44 orcs
  3 giant cockroaches
  3 goblins
  11 hobgoblins
  19 jackals
  2 quokkas (D:2)
  A ball python (D:6)
  7 bats
  7 frilled lizards
  A giant cockroach zombie (D:5)
  21 kobolds
  2 quokka zombies
  12 rats
416 creatures vanquished.

Vanquished Creatures (others)
  A death yak (D:9)
  3 slaves (D:9)
4 creatures vanquished.

Grand Total: 420 creatures vanquished

Notes
Turn   | Place    | Note
-------+----------+-------------------------------------------
     0 | D:1      | Chiseanne the Demonspawn Wanderer began the quest for the Orb.
     0 | D:1      | Chiseanne set off with: a book of Flames, the Compendium of the Birds, a wand of random effects (15/48), a +0 robe, a +0 club, a bread ration
     0 | D:1      | Reached XP level 1. HP: 13/13 MP: 3/3
     3 | D:1      | Identified the Compendium of the Birds
     5 | D:1      | Learned a level 1 spell: Flame Tongue
   200 | D:1      | Gained mutation: You sometimes gain a little power by taking damage. [demonic ancestry]
   200 | D:1      | Reached XP level 2. HP: 16/19 MP: 0/5
   315 | D:1      | Learned a level 2 spell: Throw Flame
   323 | D:1      | Reached skill level 1 in Conjurations
  1154 | D:2      | Reached XP level 3. HP: 24/24 MP: 6/6
  1164 | D:2      | Learned a level 3 spell: Conjure Flame
  2078 | D:2      | Gained mutation: You have a pair of small horns on your head. [demonic ancestry]
  2078 | D:2      | Reached XP level 4. HP: 21/30 MP: 3/8
  2176 | D:2      | Reached skill level 2 in Conjurations
  3076 | D:3      | Noticed a phantom
  3157 | D:3      | Killed a phantom
  3157 | D:3      | Gained mutation: When hurt, damage is shared between your health and your magic reserves. [demonic ancestry]
  3157 | D:3      | Reached XP level 5. HP: 21/35 MP: 0/10
  3431 | D:3      | Reached skill level 3 in Conjurations
  3789 | D:3      | Reached XP level 6. HP: 39/41 MP: 7/11
  3825 | D:3      | Learned a level 4 spell: Sticky Flame
  3968 | D:4      | Noticed an ice beast
  4006 | D:3      | Killed an ice beast
  4881 | D:4      | Reached skill level 4 in Conjurations
  4881 | D:4      | Gained mutation: You sometimes gain power by taking damage. [demonic ancestry]
  4881 | D:4      | Reached XP level 7. HP: 38/46 MP: 7/13
  4967 | D:4      | Found a staircase to the Ecumenical Temple.
  4978 | Temple   | Entered the Ecumenical Temple
  5003 | Temple   | Became a worshipper of Vehumet
  5588 | D:4      | Reached * piety under Vehumet
  5588 | D:4      | Offered knowledge of Sandblast by Vehumet.
  5762 | D:4      | Reached skill level 5 in Fire Magic
  5957 | D:4      | Reached skill level 5 in Spellcasting
  6433 | D:4      | Reached ** piety under Vehumet
  6535 | D:4      | Reached skill level 5 in Conjurations
  6554 | D:4      | Offered knowledge of Freeze by Vehumet.
  6554 | D:4      | Gained mutation: You are surrounded by a mild repulsion field. (EV +2) [demonic ancestry]
  6554 | D:4      | Reached XP level 8. HP: 52/52 MP: 9/16
  6557 | D:4      | Got a slimy spear {vamp}
  6597 | D:4      | Identified the cursed +2 spear of Untimely Demise {vamp, *Noise rElec Int+4} (You took it off a gnoll on level 4 of the Dungeon)
  6673 | D:4      | Learned a level 5 spell: Fireball
  6707 | D:5      | Entered Level 5 of the Dungeon
  7307 | D:6      | Got a translucent ring mail
  7385 | D:6      | Noticed Edmund
  7397 | D:6      | Killed Edmund
  7397 | D:6      | Reached skill level 6 in Conjurations
  7421 | D:6      | Noticed Menkaure
  7426 | D:6      | Killed Menkaure
  7862 | D:5      | Learned a level 1 spell: Freeze
  7947 | D:6      | Identified the +0 ring mail of a Billion Gods {rC- Str+6} (You found it on level 6 of the Dungeon)
  8218 | D:6      | Reached XP level 9. HP: 31/57 MP: 5/19
  8418 | D:6      | Found a bloodstained altar of Trog.
  9150 | D:6      | Reached skill level 7 in Conjurations
  9425 | D:7      | Found a white marble altar of Elyvilon.
  9425 | D:7      | Found a runed door.
  9425 | D:7      | Noticed an angel
  9625 | D:7      | Found Eppav's Assorted Antiques.
  9628 | D:7      | Bought a knobbly marble ring for 130 gold pieces
  9745 | D:7      | Offered knowledge of Searing Ray by Vehumet.
 10593 | D:8      | Reached *** piety under Vehumet
 10831 | D:8      | Got a transparent flail
 11050 | D:9      | Noticed a death yak
 11050 | D:9      | Noticed a death yak
 11060 | D:9      | Noticed Pikel
 11117 | D:9      | Killed a death yak
 11117 | D:9      | Reached skill level 8 in Conjurations
 11124 | D:9      | Killed a death yak
 11124 | D:9      | Reached XP level 10. HP: 22/63 MP: 12/22
 11129 | D:9      | Killed Pikel
 11289 | D:9      | Noticed a death yak
 11290 | D:9      | Offered knowledge of Force Lance by Vehumet.
 11324 | D:9      | Killed a death yak
 11324 | D:9      | Reached skill level 9 in Conjurations
 11442 | D:9      | Learned a level 4 spell: Force Lance
 11519 | D:9      | Found a staircase to the Lair.
 12603 | D:10     | Entered Level 10 of the Dungeon
 12608 | D:10     | Reached **** piety under Vehumet
 12899 | D:10     | Noticed Gastronok
 12911 | D:10     | Offered knowledge of Ignite Poison by Vehumet.
 12962 | D:10     | Killed Gastronok
 12962 | D:10     | Reached skill level 10 in Conjurations
 12962 | D:10     | Reached XP level 11. HP: 34/68 MP: 5/24
 13152 | D:10     | Noticed an unseen horror
 13167 | D:10     | Killed an unseen horror
 13645 | D:10     | Reached skill level 10 in Fire Magic
 14013 | D:10     | Reached skill level 10 in Spellcasting
 14234 | D:10     | Learned a level 3 spell: Ignite Poison
 14443 | D:11     | Reached skill level 1 in Shields
 14585 | D:11     | Noticed Erica
 14595 | D:11     | Killed Erica
 14595 | D:11     | Reached skill level 1 in Fighting
 14595 | D:11     | Reached skill level 1 in Armour
 14891 | D:11     | Noticed Erolcha
 14891 | D:11     | Noticed a two-headed ogre
 14895 | D:11     | Killed Erolcha
 14971 | D:11     | Killed a two-headed ogre
 14979 | D:11     | Got a slimy longbow
 15191 | D:11     | Got a smoking lapis lazuli ring
 15246 | D:11     | Noticed a two-headed ogre
 15253 | D:11     | Killed a two-headed ogre
 15253 | D:11     | Reached skill level 11 in Conjurations
 15562 | D:12     | Gained mutation: You are powered by pain. [demonic ancestry]
 15562 | D:12     | Reached XP level 12. HP: 71/77 MP: 13/26
 15742 | D:12     | Identified the ring "Egigoemp" {rN+ Dex+4 Slay+5} (You found it on level 11 of the Dungeon)
 16250 | D:12     | Found a staircase to the Orcish Mines.
 16362 | D:12     | Reached ***** piety under Vehumet
 16558 | D:12     | Offered knowledge of Orb of Destruction by Vehumet.
 16570 | D:12     | Learned a level 7 spell: Orb of Destruction
 16875 | D:13     | Noticed a two-headed ogre
 16882 | D:13     | Killed a two-headed ogre
 17134 | D:13     | Identified the +9 flail of Inegh {crush, MR+ Dex+2} (You found it on level 8 of the Dungeon)
 17669 | D:13     | Noticed a two-headed ogre
 17677 | D:13     | Killed a two-headed ogre
 17677 | D:13     | Reached skill level 5 in Armour
 18207 | D:14     | Noticed Sonja
 18210 | D:14     | Killed Sonja
 18210 | D:14     | Reached skill level 12 in Conjurations
 18580 | D:14     | Noticed Snorg
 18587 | D:14     | Killed Snorg
 19360 | D:14     | Gained mutation: You have a pair of horns on your head. [demonic ancestry]
 19360 | D:14     | Reached XP level 13. HP: 81/82 MP: 18/28
 19866 | D:14     | Noticed Kirke
 19877 | D:14     | Killed Kirke
 19891 | D:14     | Reached skill level 13 in Conjurations
 19955 | D:14     | Found a gate to the Vaults.
 20348 | D:15     | Entered Level 15 of the Dungeon
 20415 | D:15     | Found a large runed door.
 20416 | D:15     | Noticed a stone giant
 20416 | D:15     | Found a large runed door.
 20422 | D:15     | Killed a stone giant
 20649 | D:15     | Noticed a purple very ugly thing
 20802 | D:15     | Noticed Agnes
 20815 | D:15     | HP: 3/82 [Agnes/lajatang of electrocution (5)]
 20818 | D:14     | Slain by Agnes

Skill      XL: |  1  2  3  4  5  6  7  8  9 10 11 12 13 |
---------------+----------------------------------------+-----
Fire Magic     | 3 4 5 6 8 9 10 | 10.1
Conjurations   | 1 2 3 4 5 6 8 10 11 12 13 | 13.3
Spellcasting   | 3 4 5 6 8 9 10 11 12 | 12.4
Shields        | 2 4 |  4.0
Fighting       | 1 |  1.4
Armour         | 3 6 |  6.0
Stealth        | |  1.0
Translocations | |  1.0
Earth Magic    | |  1.0
Poison Magic   | |  1.0
Evocations     | |  1.0

Action                   |  1- 3 |  4- 6 |  7- 9 | 10-12 | 13-15 || total
-------------------------+-------+-------+-------+-------+-------++-------
Melee: Club              |     8 |       |       |       |       ||     8
       Dagger            |    34 |    52 |    17 |       |       ||   103
       Headbutt          |       |     4 |     8 |    12 |     7 ||    31
       Spear             |       |       |   112 |    82 |    21 ||   215
       Unarmed           |       |       |     1 |       |       ||     1
 Cast: Flame Tongue      |    60 |    80 |   366 |   239 |    29 ||   774
       Throw Flame       |     1 |     2 |       |     1 |       ||     4
       Sticky Flame      |       |       |     3 |     8 |       ||    11
       Fireball          |       |       |     3 |    85 |    23 ||   111
       Conjure Flame     |       |       |     3 |     2 |       ||     5
       Force Lance       |       |       |       |    74 |    16 ||    90
       Freeze            |       |       |       |     1 |       ||     1
       Orb of Destructio |       |       |       |     6 |     9 ||    15
Evoke: Wand              |       |     2 |       |    15 |     3 ||    20
  Use: Scroll            |       |     8 |    12 |     8 |     1 ||    29
       Potion            |       |     1 |     3 |     5 |     4 ||    13
 Stab: Sleeping          |     1 |     2 |       |       |       ||     3
  Eat: Chunk             |     4 |     9 |    18 |    30 |     9 ||    70
       Bread ration      |       |       |     1 |       |       ||     1
       Fruit             |       |       |     2 |     7 |       ||     9
       Royal jelly       |       |       |       |     2 |       ||     2
Armor: Robe              |     7 |    17 |     3 |       |       ||    27
       Leather armour    |       |       |    78 |     7 |       ||    85
       Skin              |       |       |    75 |       |       ||    75
       Troll leather arm |       |       |       |    25 |       ||    25
       Acid dragon scale |       |       |       |    23 |    11 ||    34
Dodge: Dodged            |    41 |    51 |   183 |   125 |    33 ||   433
Block: Buckler           |       |       |       |     8 |    10 ||    18
